 Dungeon Crawl Stone Soup version 0.29.1-15-g9cfb28693d (webtiles) character file.

Game seed: 12475005447605802933

24368 javelincjr the Fighter (level 13, 0/100 HPs)
             Began as a Djinni Conjurer on Feb 21, 2023.
             Was an Elder of Makhleb.
             Shot with an arrow by Nessos (2 damage)
             ... on level 13 of the Dungeon.
             The game lasted 01:30:30 (14795 turns).

javelincjr the Fighter (Djinni Conjurer)           Turns: 14795, Time: 01:30:30

Health: 0/100      AC: 12    Str: 13    XL:     13   Next: 42%
Gold:   742        EV: 13    Int: 22    God:    Makhleb [****..] SH:  4 Dex: 18

rFire   + + +      SeeInvis .   C - +6 spear (distort)
rCold   x x .      Faith    .   D - +0 buckler
rNeg    . . .      Spirit   .   H - +0 scale mail of Spite {rElec rC- Str+5 Dex+2}
rPois   ∞          Reflect  .   n - +0 hat
rElec   +          Harm     .   l - +2 cloak
rCorr   .          Rampage  .   s - +0 pair of gloves
Will    +....                   (boots unavailable)
Stlth   +.........              b - amulet "Zevateth" {rElec Regen+ Dex+3}
HPRegen 1.06/turn               (no ring)
MPRegen 0.00/turn               (no ring)

@: flying
A: sickness immunity, fire resistance 3, cold vulnerability 1, float, innate
caster, HP casting, extra vitality 1, horns 1
a: Renounce Religion, Minor Destruction, Lesser Servant of Makhleb, Major
Destruction


You were on level 13 of the Dungeon.
You worshipped Makhleb.
Makhleb was greatly pleased with you.
You visited 2 branches of the dungeon, and saw 14 of its levels.

You collected 781 gold pieces.
You spent 39 gold pieces at shops.

Inventory:

Hand Weapons
 p - a +4 dagger of chaos
 C - a +6 spear of distortion (weapon)
Missiles
 M - a throwing net
Armour
 a - a +0 robe
 l - a +2 cloak (worn)
 n - a +0 hat (worn)
 q - a +0 cloak
 s - a +0 pair of gloves (worn)
 w - a +2 robe of resistance
 D - a +0 buckler (worn)
 F - a +1 chain mail of cold resistance
 H - the +0 scale mail of Spite (worn) {rElec rC- Str+5 Dex+2}
   (You found it on level 7 of the Dungeon)

   Str:       It affects your strength (+5).
   Dex:       It affects your dexterity (+2).
   rC:        It makes you vulnerable to cold.
   rElec:     It insulates you from electricity.
 N - +0 acid dragon scales
 O - a +0 kite shield
Magical Staves
 o - a staff of conjuration
Jewellery
 b - the amulet "Zevateth" (around neck) {rElec Regen+ Dex+3}
   (You acquired it in the Ecumenical Temple)

   [amulet of regeneration]

   Dex:       It affects your dexterity (+3).
   rElec:     It insulates you from electricity.
   Regen:     It increases your rate of health regeneration.
Wands
 k - a wand of flame (3)
 m - a wand of polymorph (11)
 r - a wand of mindburst (18)
 t - a wand of roots (22)
 L - a wand of quicksilver (6)
Scrolls
 f - a scroll of fog
 g - a scroll of silence
 h - 3 scrolls of teleportation
 v - a scroll of magic mapping
 x - 2 scrolls of fear
 y - 3 scrolls of enchant armour
 A - a scroll of torment
 I - 2 scrolls of poison
 J - a scroll of blinking {unknown}
Potions
 c - 2 potions of invisibility
 d - 3 potions of brilliance
 e - a potion of ambrosia
 i - a potion of resistance
 j - 4 potions of haste
 u - 2 potions of lignification {unknown}
 z - a potion of might {unknown}
 B - 4 potions of heal wounds {unknown}
 E - 2 potions of flight {unknown}
 G - 3 potions of curing
Miscellaneous
 K - a box of beasts


   Skills:
 * Level 11.8 Fighting
 - Level 1.3 Short Blades
 + Level 3.0 Polearms
 + Level 8.2 Armour
 - Level 8.6 Dodging
 - Level 3.5 Stealth
 * Level 10.1 Spellcasting
 + Level 4.0 Invocations
 + Level 3.9 Evocations


You couldn't memorise any spells.
You knew the following spells:

 Your Spells              Type           Power      Damage    Failure   Level
a - Magic Dart            Conj           100%       1d8       1%          1
b - Searing Ray           Conj           100%       2d8       1%          2
c - Dazzling Flash        Conj/Hex       100%       N/A       1%          3
d - Fulminant Prism       Conj/Hex       27%        3d14      4%          4
e - Iskenderun's Mystic   Conj/Tloc      54%        2d12      4%          4
f - Sting                 Tmut/Pois      100%       1d8       1%          1
g - Poisonous Vapours     Pois/Air       100%       N/A       1%          2
h - Teleport Other        Tloc           54%        N/A       1%          3
i - Gell's Gravitas       Tloc           54%        N/A       1%          3
j - Airstrike             Air            27%        2d(4-20)  4%          4
k - Silence               Hex/Air        27%        N/A       13%         5
Your spell library was empty.

Dungeon Overview and Level Annotations

Branches:
Dungeon (13/15)            Temple (1/1) D:7            Lair (0/5) D:9
    Orc (0/2) D:11
 Vaults: D:13-14

Altars:
Ashenzari
Cheibriados
Dithmenos
Elyvilon
Fedhas
Gozag
Hepliaklqana
Makhleb
Nemelex Xobeh
Okawaru
Qazlal
Ru
Trog
Uskayaw
Wu Jian
Xom
Yredelemnul
Zin
The Shining One

Shops:
D:1 [   D:3 (   D:9 *   D:11 !   D:12 [

Portals:
Trove: D:10 (give +0 crystal plate armour)

Annotations:
D:13 Nessos


Innate Abilities, Weirdness & Mutations

You are immune to sickness and miasma.
You are immune to poison.
Your flesh is almost immune to the effects of heat. (rF+++)
You are vulnerable to cold. (rC-)
You float through the air rather than walking.
You learn spells naturally, not from books.
Your magical power is your life essence.
You have superior vitality. (+4 MHP)
You have a pair of small horns on your head.


Message History

Confirm with . or Enter, or press ? or * to list all spells.
Aiming: Fulminant Prism (dangerous; 4% risk of failure)
Press: ? - help, Dir - move target You conjure a prism of explosive energy!
A fulminant prism comes into view.
Nessos shoots an arrow.
The arrow hits your fulminant prism!! The arrow burns your fulminant prism.
Your fulminant prism detonates feebly.
Casting: Fulminant Prism (dangerous; 4% risk of failure)
Confirm with . or Enter, or press ? or * to list all spells.
Aiming: Fulminant Prism (dangerous; 4% risk of failure)
Press: ? - help, Dir - move target You conjure a prism of explosive energy!
A fulminant prism comes into view.
Nessos casts a spell.
Nessos blinks!
Nessos shoots an arrow.
The arrow hits you! The arrow burns you.
Your fulminant prism crackles loudly.
Items here: [[ ††.
Casting: Fulminant Prism (dangerous; 4% risk of failure)
Confirm with . or Enter, or press ? or * to list all spells.
You erupt in a blast of force!
The mystic blast hits Nessos but does no damage.
Nessos shoots an arrow.
The arrow completely misses you.
Nessos shoots an arrow.
The arrow hits you!! The arrow burns you.
* * * LOW HITPOINT WARNING * * *
Your fulminant prism explodes!
The blast of energy engulfs Nessos!!
Nessos is moderately wounded.
You hear a shout!
Nessos mumbles some strange words.
Nessos seems to speed up.
Things that are here:
a +0 ring mail; a +3 long sword Nessos shoots an arrow.
The arrow hits you.
* * * LOW HITPOINT WARNING * * *
Nessos shoots an arrow.
The arrow hits you!!
* * * LOW HITPOINT WARNING * * *
The arrow burns you.
You die...

#.. .# .####..
.# ....... ..#
....... ..#
....... ...###
....c.####......
#............
#..[[@.[.....
#...#######+#
#...# #...#
#.... ##### # #


You could see Nessos (fast).

Vanquished Creatures
  Gastronok (D:9)
  A boulder beetle (D:12)
  Erica (D:9)
  2 hydras
  2 tengu warriors
  3 two-headed ogres
  Sonja (D:11)
  A necromancer (D:13)
  An ugly thing (D:12)
  Maurice (D:9)
  Psyche (D:11)
  An unseen horror (D:11)
  A komodo dragon (D:11)
  3 kobold demonologists (D:10)
  5 trolls
  2 hornets
  12 slime creatures
  A vampire (D:13)
  2 wraiths
  A shadow (D:12)
  2 wyverns
  22 yaks
  3 steam dragons
  8 vampire mosquitoes (D:12)
  A water moccasin (D:7)
  2 acid dragons
  6 orc warriors
  2 sky beasts (D:6)
  3 black bears
  2 ogres (D:5)
  6 centaurs
  4 wolves (D:9)
  2 phantoms (D:6)
  6 kobold brigands
  A necrophage (D:6)
  3 gnoll sergeants
  2 scorpions (D:6)
  5 wights (D:6)
  6 howler monkeys
  7 hounds
  Crazy Yiuf (D:3)
  6 orc priests
  3 gnoll boudas
  5 iguanas
  Ijyb (D:3)
  9 orc wizards
  32 gnolls
  7 adders
  A shadow imp (D:4)
  A white imp (D:6)
  2 worms
  4 dart slugs
  39 orcs
  5 endoplasms
  7 giant cockroaches
  2 goblins (D:1)
  10 hobgoblins
  5 quokkas
  7 ball pythons
  9 bats
  2 frilled lizards (D:1)
  20 kobolds
  4 rats
  A fulminant prism (D:13)
319 creatures vanquished.

Vanquished Creatures (others)
  A human (D:8)
  139 fulminant prisms
  4 fungi
144 creatures vanquished.

Grand Total: 463 creatures vanquished

Notes
Turn   | Place    | Note
-------+----------+-------------------------------------------
     0 | D:1      | javelincjr the Djinni Conjurer began the quest for the Orb.
     0 | D:1      | javelincjr set off with the following spells memorised:
                  | Magic Dart, Searing Ray, Dazzling Flash, Fulminant Prism,
                  | Iskenderun's Mystic Blast.
     0 | D:1      | Reached XP level 1. HP: 15/15 MP: 0/0
   309 | D:1      | Reached XP level 2. HP: 14/21 MP: 0/0
   414 | D:1      | Found Qyaneh's Armour Shoppe.
  1110 | D:1      | Reached XP level 3. HP: 24/25 MP: 0/0
  1110 | D:1      | Learned a level 1 spell: Sting
  1786 | D:2      | Found a faded altar of an unknown god.
  2059 | D:2      | Reached XP level 4. HP: 25/31 MP: 0/0
  3244 | D:3      | Reached XP level 5. HP: 30/35 MP: 0/0
  3244 | D:3      | Learned a level 2 spell: Poisonous Vapours
  3357 | D:3      | Found Zumuitalu's Antique Weapon Boutique.
  3626 | D:3      | Found a runed translucent door.
  3627 | D:3      | Noticed Crazy Yiuf
  3899 | D:3      | Killed Crazy Yiuf
  3985 | D:3      | Noticed Ijyb
  4189 | D:3      | Killed Ijyb
  4782 | D:4      | Reached skill level 1 in Fighting
  4786 | D:4      | Reached XP level 6. HP: 34/42 MP: 0/0
  4950 | D:4      | Noticed a black bear
  4967 | D:4      | Killed a black bear
  4968 | D:4      | Reached skill level 1 in Armour
  5055 | D:4      | Reached skill level 2 in Fighting
  5201 | D:4      | Reached XP level 7. HP: 20/49 MP: 0/0
  5201 | D:4      | Learned a level 3 spell: Teleport Other
  5856 | D:5      | Entered Level 5 of the Dungeon
  5888 | D:5      | HP: 1/49 [ogre/+0 giant spiked club (21)]
  5889 | D:5      | Gained mutation: Your spells are a little harder to cast,
                  | but a little more powerful. [potion of mutation]
  5889 | D:5      | Gained mutation: Your body sometimes deteriorates upon
                  | taking damage. [potion of mutation]
  5889 | D:5      | Gained mutation: You have hidden genetic potential. [potion
                  | of mutation]
  6610 | D:5      | Reached skill level 3 in Fighting
  6705 | D:5      | Reached XP level 8. HP: 49/56 MP: 0/0
  7019 | D:5      | Gained mutation: You have great hidden genetic potential.
                  | [hidden potential]
  7087 | D:6      | Reached skill level 5 in Spellcasting
  7229 | D:6      | Found an iron altar of Okawaru.
  7230 | D:6      | Found a shimmering altar of Xom.
  7240 | D:6      | Reached skill level 4 in Fighting
  7497 | D:6      | Reached skill level 5 in Dodging
  7835 | D:6      | Reached skill level 5 in Fighting
  7835 | D:6      | Reached XP level 9. HP: 58/65 MP: 0/0
  7835 | D:6      | Learned a level 3 spell: Gell's Gravitas
  7963 | D:6      | Gained mutation: You have a pair of small horns on your
                  | head. [hidden potential]
  7963 | D:6      | Lost mutation: You have great hidden genetic potential.
                  | [hidden potential expressed]
  8999 | D:7      | Reached skill level 6 in Fighting
  9162 | D:7      | Identified the +0 scale mail of Spite {rElec rC- Str+5
                  | Dex+2}
  9940 | D:7      | Found a staircase to the Ecumenical Temple.
  9949 | Temple   | Entered the Ecumenical Temple
 10072 | Temple   | Became a worshipper of Makhleb the Destroyer
 10097 | Temple   | Identified a scroll of acquirement
 10099 | Temple   | Acquired the amulet "Zevateth" {rElec Regen+ Dex+3}
 10118 | Temple   | Lost mutation: Your body sometimes deteriorates upon taking
                  | damage. [potion of mutation]
 10118 | Temple   | Lost mutation: Your spells are a little harder to cast, but
                  | a little more powerful. [potion of mutation]
 10118 | Temple   | Lost mutation: You have a pair of small horns on your head.
                  | [potion of mutation]
 10118 | Temple   | Lost mutation: You have hidden genetic potential. [potion
                  | of mutation]
 10118 | Temple   | Gained mutation: Your muscles are strong. (Str +4, Int/Dex
                  | -1) [potion of mutation]
 10118 | Temple   | Gained mutation: You are partially covered in iridescent
                  | scales. (AC +2) [potion of mutation]
 10119 | Temple   | Lost mutation: You are partially covered in iridescent
                  | scales. (AC +2) [potion of mutation]
 10119 | Temple   | Lost mutation: Your muscles are strong. (Str +4, Int/Dex
                  | -1) [potion of mutation]
 10119 | Temple   | Gained mutation: Your flesh is almost immune to the effects
                  | of heat. (rF+++) [potion of mutation]
 10119 | Temple   | Gained mutation: You have a pair of small horns on your
                  | head. [potion of mutation]
 10218 | D:8      | Noticed a troll
 10222 | D:8      | Killed a troll
 10223 | D:8      | Reached XP level 10. HP: 60/73 MP: 0/0
 10452 | D:8      | Reached skill level 7 in Fighting
 10724 | D:9      | Reached skill level 5 in Armour
 10734 | D:9      | Reached * piety under Makhleb
 10739 | D:9      | Noticed Maurice
 10777 | D:9      | Killed Maurice
 10810 | D:9      | Reached skill level 8 in Fighting
 10835 | D:9      | Found a staircase to the Lair.
 10835 | D:9      | Noticed Gastronok
 10884 | D:9      | Killed Gastronok
 11020 | D:9      | Reached XP level 11. HP: 82/82 MP: 0/0
 11020 | D:9      | Learned a level 4 spell: Airstrike
 11239 | D:9      | Reached skill level 9 in Fighting
 11329 | D:9      | Noticed Erica
 11335 | D:9      | Killed Erica
 11375 | D:9      | Reached ** piety under Makhleb
 11458 | D:9      | Found Qais's General Store.
 11757 | D:10     | Entered Level 10 of the Dungeon
 11763 | D:10     | Noticed a two-headed ogre
 11767 | D:10     | Noticed a sixfirhy
 11822 | D:9      | Killed a two-headed ogre
 12029 | D:10     | Reached skill level 10 in Fighting
 12064 | D:10     | Found a portal to a secret trove of treasure.
 12171 | D:10     | Reached *** piety under Makhleb
 12172 | D:10     | Reached XP level 12. HP: 76/91 MP: 0/0
 12598 | D:11     | Noticed Psyche
 12605 | D:11     | Killed Psyche
 12619 | D:11     | Noticed an eight-headed hydra
 12625 | D:11     | Killed an eight-headed hydra
 12802 | D:11     | Reached skill level 1 in Short Blades
 12802 | D:11     | Reached skill level 1 in Invocations
 12802 | D:11     | Reached skill level 1 in Evocations
 12974 | D:11     | Found a staircase to the Orcish Mines.
 13032 | D:11     | Noticed Sonja
 13076 | D:11     | Killed Sonja
 13218 | D:11     | Found Ycvochiwn's Distillery.
 13226 | D:11     | Bought a potion of curing for 39 gold pieces
 13775 | D:12     | Reached skill level 1 in Polearms
 13786 | D:12     | Reached **** piety under Makhleb
 13922 | D:12     | Noticed a four-headed hydra
 13938 | D:12     | Killed a four-headed hydra
 13939 | D:12     | Reached skill level 11 in Fighting
 13939 | D:12     | Noticed a two-headed ogre
 13944 | D:12     | Killed a two-headed ogre
 13952 | D:12     | Found Jequl's Armour Boutique.
 13988 | D:12     | Identified the +4 mace of the Stork {spect, rPois Str-5
                  | Dex+4}
 14021 | D:12     | Noticed a boulder beetle
 14028 | D:12     | Killed a boulder beetle
 14414 | D:12     | Reached XP level 13. HP: 90/99 MP: 0/0
 14414 | D:12     | Learned a level 5 spell: Silence
 14475 | D:13     | Noticed a centaur warrior
 14566 | D:13     | Noticed Nessos
 14663 | D:13     | Reached skill level 10 in Spellcasting
 14795 | D:13     | HP: 2/100 [Nessos/arrow (26)]
 14795 | D:13     | Shot with an arrow by Nessos

Illustrated notes

Levels and vault maps discovered:
D:1:      lightli_arrival_maybe_door_vault, layout_loops_cross, serial_shops,
          shop, roderic_lattice_a, hangedman_decor_slide_cut
D:2:      layout_basic, shapermc_ecumenical_altar_mp_urbaneastern
D:3:      layout_loops_corners, serial_shops, shop, uniq_crazy_yiuf_cottage,
          uniq_ijyb
D:4:      layout_cave_pools, lemuel_crystal_altar
D:5:      layout_loops_ring, hangedman_abyss_or_decor_lesser_grid
D:6:      layout_basic, gammafunk_temple_overflow_pools
D:7:      layout_basic, minmay_temple_entry_glass
D:8:      layout_rooms, tgw_kikubaaqudgha
D:9:      layout_long_grid, erik_lair_island, serial_shops, nicolae_square_shop,
          uniq_maurice, uniq_gastronok, uniq_erica
D:10:     layout_irregular_city, enter_trove_3, minivault_1
D:11:     layout_long_grid, david_orc_4, serial_shops, nicolae_lakefront_shop,
          minmay_misc_feat_plants, uniq_sonja, uniq_psyche
D:12:     layout_roguey, serial_shops, nicolae_square_shop
D:13:     layout_small_grid, david_vaults_1, kennysheep_generic_room_6,
          uniq_nessos
Temple:   nicolae_temple_bog_church

Skill      XL: |  1  2  3  4  5  6  7  8  9 10 11 12 13 |
---------------+----------------------------------------+-----
Stealth        | 2 3 |  3.5
Dodging        | 3 4 5 6 7 8 |  8.6
Spellcasting   | 4 5 6 7 8 9 10 | 10.1
Fighting       | 1 2 3 5 6 8 10 11 | 11.8
Armour         | 1 2 3 4 5 6 7 8 |  8.2
Short Blades   | 1 |  1.3
Invocations    | 3 4 |  4.0
Evocations     | 3 |  3.9
Polearms       | 2 3 |  3.0

Action                   |  1- 3 |  4- 6 |  7- 9 | 10-12 | 13-15 || total
-------------------------+-------+-------+-------+-------+-------++-------
Melee: Short sword       |     1 |       |       |       |       ||     1
       Mace              |       |     6 |     7 |       |       ||    13
       Punch             |       |       |     1 |       |       ||     1
       Spear             |       |       |     7 |    16 |       ||    23
       Headbutt          |       |       |     2 |     3 |       ||     5
 Cast: Magic Dart        |    64 |    76 |    72 |    79 |     1 ||   292
       Searing Ray       |     2 |     9 |    10 |     7 |       ||    28
       Poisonous Vapours |       |    23 |    12 |    10 |     2 ||    47
       Dazzling Flash    |       |     3 |     1 |       |       ||     4
       Fulminant Prism   |       |     1 |    30 |    89 |    20 ||   140
       Iskenderun's Myst |       |       |    22 |    90 |    50 ||   162
       Gell's Gravitas   |       |       |     2 |     6 |       ||     8
       Sting             |       |       |     1 |       |       ||     1
       Airstrike         |       |       |       |     8 |     2 ||    10
  Use: Potion            |       |       |     6 |       |       ||     6
       Scroll            |       |       |    13 |     7 |       ||    20
Armor: Robe              |     3 |     1 |    13 |       |       ||    17
       Scale mail        |       |       |       |    16 |     3 ||    19
Dodge: Dodged            |     9 |     7 |    32 |    46 |    17 ||   111
Block: Buckler           |       |       |     1 |     7 |     5 ||    13
